 Dungeon Crawl Stone Soup version 0.21.0-24-g2553a33 (webtiles) character file.

1288 tidbits the Charmwright (level 8, 64/64 HPs)
             Began as a Gnoll Skald on Jan 20, 2018.
             Quit the game on level 5 of the Dungeon.
             The game lasted 00:17:49 (2009 turns).

tidbits the Charmwright (Gnoll Skald)               Turns: 2009, Time: 00:17:51

Health: 64/64      AC:  8    Str: 12 (13) XL:     8   Next: 55%
Magic:  17/17      EV: 14    Int: 16 (19) God:
Gold:   260        SH:  4    Dex: 11 (14) Spells: 8/19 levels left

rFire    + . .     SeeInvis +   a - +1 hand axe
rCold    . . .     Gourm    .   D - +0 buckler
rNeg     . . .     Faith    .   B - +2 robe {rF+}
rPois    .         Spirit   .   E - +0 helmet {SInv}
rElec    .         Reflect  .   (no cloak)
rCorr    .         Harm     .   (no gloves)
MR       .....     Rnd*Tele +   F - +0 pair of boots
Stlth    ++........             x - amulet of rage
HPRegen  0.20/turn              e - ring of teleportation
MPRegen  0.15/turn              (no ring)

@: no status effects
A: distributed training, fangs 1, iridescent scales 1, deterioration 1, strong
nose
a: Evoke Berserk Rage


You were on level 5 of the Dungeon.
You were completely stuffed.

You visited 2 branches of the dungeon, and saw 8 of its levels.

You collected 260 gold pieces.

Inventory:

Hand Weapons
 a - a +1 hand axe (weapon)
 m - a +0 flail of distortion
   (You took it off an orc on level 5 of the Dungeon)
 o - a cursed +1 falchion of freezing
   (You took it off a wight on level 7 of the Dungeon)
 p - a +1 flail of crushing
   (You found it on level 6 of the Dungeon)
Missiles
 n - 3 tomahawks (quivered)
Armour
 h - a +0 ring mail
 s - a +1 leather armour
 y - a +0 ring mail of fire resistance
   (You found it on level 6 of the Dungeon)
 B - a +2 robe of fire resistance (worn)
   (You took it off a wight on level 7 of the Dungeon)
 D - a +0 buckler (worn)
 E - a +0 helmet of see invisible (worn)
   (You found it on level 6 of the Dungeon)
 F - a +0 pair of boots (worn)
Jewellery
 e - a ring of teleportation (left hand)
   (You found it on level 1 of the Dungeon)
 x - an amulet of rage (around neck)
   (You found it on level 5 of the Dungeon)
Wands
 d - a wand of digging (7)
 i - a wand of flame (6)
 r - a wand of acid (8)
 u - a wand of iceblast (8)
Scrolls
 b - a scroll of blinking
 f - a scroll of remove curse
 j - 2 scrolls of teleportation
 k - a scroll of enchant armour
 l - a scroll of immolation
 t - 3 scrolls of fear
 w - a scroll of fog {unknown}
Potions
 g - a potion of brilliance
 v - a potion of cancellation
 z - a potion of lignification
 A - a potion of might
Books
 c - a book of Battle

   Spells                             Type                      Level
   a - Infusion                       Charms                       1
   b - Shroud of Golubria             Charms/Translocation         2
   c - Song of Slaying                Charms                       2
   d - Spectral Weapon                Hexes/Charms                 3
   e - Regeneration                   Charms/Necromancy            3
Comestibles
 q - 7 rations


   Skills:
 + Level 5.7 Fighting
 + Level 3.3 Short Blades
 + Level 3.3 Long Blades
 + Level 5.7 Axes
 + Level 3.3 Maces & Flails
 + Level 3.3 Polearms
 + Level 3.3 Staves
 + Level 3.3 Slings
 + Level 3.3 Bows
 + Level 3.3 Crossbows
 + Level 3.3 Throwing
 + Level 4.2 Armour
 + Level 5.7 Dodging
 + Level 3.3 Stealth
 + Level 3.3 Shields
 + Level 3.3 Unarmed Combat
 + Level 6.0 Spellcasting
 + Level 2.7 Conjurations
 + Level 2.7 Hexes
 + Level 6.1 Charms
 + Level 2.7 Summonings
 + Level 2.7 Necromancy
 + Level 2.7 Translocations
 + Level 2.7 Transmutations
 + Level 2.7 Fire Magic
 + Level 2.7 Ice Magic
 + Level 2.7 Air Magic
 + Level 2.7 Earth Magic
 + Level 2.7 Poison Magic
 + Level 3.6 Invocations
 + Level 3.3 Evocations


You had 8 spell levels left.
You knew the following spells:

 Your Spells              Type           Power        Failure   Level  Hunger
g - Shroud of Golubria    Chrm/Tloc      ###.......   3%          2    #......
i - Infusion              Chrm           ###.         1%          1    None
r - Regeneration          Chrm/Necr      ###.......   7%          3    ##.....
w - Spectral Weapon       Hex/Chrm       ###.....     7%          3    ##.....
y - Song of Slaying       Chrm           ###.....     1%          2    #......


Dungeon Overview and Level Annotations

Branches:
Dungeon (7/15)             Temple (1/1) D:5

Altars:
Ashenzari
Dithmenos
Elyvilon
Fedhas
Gozag
Hepliaklqana
Kikubaaqudgha
Makhleb
Nemelex Xobeh
Okawaru
Qazlal
Uskayaw
Vehumet
Wu Jian
Xom
Yredelemnul
The Shining One

Annotations:
D:7 plantmann's ghost, novice GrBe


Innate Abilities, Weirdness & Mutations

Your experience applies equally to all skills.
You have very sharp teeth.
Your uncanny sense of smell can sniff out nearby items.
You are partially covered in iridescent scales. (AC +2)
Your body sometimes deteriorates upon taking damage.


Message History

You block the howler monkey's attack.
You hit the howler monkey.
The howler monkey is lightly wounded.
Your spectral weapon closely misses the howler monkey.
You block the howler monkey's attack.
You closely miss the howler monkey.
The howler monkey is lightly wounded.
Your spectral weapon hits the howler monkey!
The howler monkey closely misses you. You block the howler monkey's attack.
You hit the howler monkey. Your bite misses the howler monkey.
The howler monkey is almost dead.
Your spectral weapon hits the howler monkey but does no damage.
The howler monkey closely misses your spectral weapon.
You barely miss the howler monkey.
The howler monkey is almost dead.
Your spectral weapon closely misses the howler monkey.
The howler monkey hits you.
You hit the howler monkey.
You kill the howler monkey!
Your spectral weapon fades away.
You see here a ration.
q - 7 rations (gained 1) Evoke which item? (* to show all) (? for menu, Esc to quit)
Aiming: Dig
Press: ? - help, Shift-Dir - straight line, f - you The rock shatters into small pieces.
You open the door. 2 jackals come into view.
A jackal comes into view.
There is an open door here.
A leopard gecko comes into view.
The jackal barks!
The leopard gecko hisses angrily.
Casting: Spectral Weapon
Confirm with . or Enter, or press ? or * to list all spells.
You draw out your weapon's spirit!
The jackal barks!
The jackal barely misses your spectral weapon. x2
The jackal bites your spectral weapon but does no damage.
The jackal closely misses you.
You hit the jackal but do no damage. You hit the jackal. x2
Your spectral weapon hits the jackal.
The jackal barely misses your spectral weapon.
The jackal closely misses you. x2
You catch the helpless jackal completely off-guard!
You hit the jackal.
You kill the jackal!
You hit the jackal. You hit the jackal but do no damage.
The jackal closely misses you. You block the jackal's attack.
The jackal completely misses you. The jackal closely misses you.
You hit the jackal but do no damage.
The jackal is almost dead.
You hit the jackal but do no damage. You barely miss the leopard gecko.
You block the leopard gecko's attack. The jackal barely misses you.
The jackal misses you.
Your spectral weapon hits the jackal!
You kill the jackal!
The leopard gecko barely misses you.
You closely miss the jackal. You bite the jackal, but do no damage.
The jackal is lightly wounded.
You barely miss the leopard gecko.
The jackal bites you but does no damage.
Your spectral weapon misses the jackal.
Your spectral weapon hits the leopard gecko.
The leopard gecko barely misses you. The jackal closely misses you.
You slash the leopard gecko!
You kill the leopard gecko!
You closely miss the jackal.
The jackal bites you but does no damage.
You hit the jackal.
You kill the jackal!
No target in view!
No target in view!
Found a glowing ring mail.
Found 7 needles of frenzy.
Your spectral weapon fades away.
You see here a glowing ring mail.
y - a glowing ring mail You open the door.
There is an open door here.
There is an escape hatch in the ceiling here.
A mysterious force pulls you upwards. The hatch slams shut behind you.
Unknown command.
Evoke which item? (* to show all) (? for menu, Esc to quit)
Aiming: Dig
Press: ? - help, Shift-Dir - straight line, f - you The rock shatters into small pieces.
Found a scroll labeled FIESEYL IRI.
Found 13 gold pieces.
You see here a scroll labeled FIESEYL IRI.
As you read the scroll labeled FIESEYL IRI, it crumbles to dust.
It is a scroll of enchant weapon.
Your +0 hand axe glows red for a moment.
Found 11 gold pieces.
Found a robe.
You see here 13 gold pieces.
You now have 249 gold pieces (gained 13).
You open the door.
There is an open door here.
You see here 11 gold pieces.
You now have 260 gold pieces (gained 11).
Are you sure you want to abandon this character and quit the game? (Confirm with "yes".)

.#......#...........#
.+......#...........#
##.....##.....##....#
##.....####.####....#
...............+....#
...............#....#
...............#....#
...............#....#
##.....####...##@...#
####'######'####....#
.#..................#
+..................#
#..................#
#.......##.........#
##'#######.........#
#.........#.........#
#.........#..[......#


There were no monsters in sight!

Vanquished Creatures
  An ice beast (D:6)
  A phantom (D:7)
  An ogre (D:7)
  A black bear (D:6)
  2 bullfrogs
  A scorpion (D:7)
  4 wights (D:7)
  An electric eel (D:7)
  A howler monkey (D:6)
  2 crimson imps
  2 centaur zombies
  A jelly (D:7)
  A bullfrog skeleton (D:4)
  3 orc priests
  An iguana (D:7)
  An orc wizard (D:7)
  A worker ant (D:4)
  A hound zombie (D:6)
  4 gnolls (D:4)
  4 adders
  2 worms
  2 dart slugs (D:3)
  4 leopard geckos
  9 orcs
  2 bats
  5 giant cockroaches
  3 goblins (D:2)
  8 hobgoblins
  6 jackals
  2 kobolds
  A quokka (D:3)
  A ball python (D:5)
  2 frilled lizards (D:1)
  A giant cockroach zombie (D:6)
  4 rats
86 creatures vanquished.

Vanquished Creatures (others)
  A spectral weapon (D:6)
1 creature vanquished.

Grand Total: 87 creatures vanquished

Notes
Turn   | Place    | Note
-------+----------+-------------------------------------------
     0 | D:1      | tidbits the Gnoll Skald began the quest for the Orb.
     0 | D:1      | Reached XP level 1. HP: 20/20 MP: 6/6
    86 | D:1      | Reached XP level 2. HP: 13/26 MP: 2/7
   247 | D:2      | Reached XP level 3. HP: 16/31 MP: 5/9
   251 | D:2      | Reached skill level 5 in Spellcasting
   392 | D:3      | Reached skill level 1 in Invocations
   397 | D:3      | Learned a level 3 spell: Spectral Weapon
   401 | D:3      | Learned a level 3 spell: Regeneration
   404 | D:3      | Learned a level 2 spell: Shroud of Golubria
   407 | D:3      | Learned a level 2 spell: Song of Slaying
   434 | D:3      | Reached skill level 1 in Short Blades
   434 | D:3      | Reached skill level 1 in Long Blades
   434 | D:3      | Reached skill level 1 in Maces & Flails
   434 | D:3      | Reached skill level 1 in Polearms
   434 | D:3      | Reached skill level 1 in Staves
   434 | D:3      | Reached skill level 1 in Slings
   434 | D:3      | Reached skill level 1 in Bows
   434 | D:3      | Reached skill level 1 in Crossbows
   434 | D:3      | Reached skill level 1 in Throwing
   434 | D:3      | Reached skill level 1 in Stealth
   434 | D:3      | Reached skill level 1 in Shields
   434 | D:3      | Reached skill level 1 in Unarmed Combat
   434 | D:3      | Reached skill level 1 in Evocations
   437 | D:3      | Reached XP level 4. HP: 9/38 MP: 0/11
   589 | D:5      | Entered Level 5 of the Dungeon
   623 | D:5      | Reached skill level 1 in Conjurations
   623 | D:5      | Reached skill level 1 in Hexes
   623 | D:5      | Reached skill level 1 in Summonings
   623 | D:5      | Reached skill level 1 in Necromancy
   623 | D:5      | Reached skill level 1 in Translocations
   623 | D:5      | Reached skill level 1 in Transmutations
   623 | D:5      | Reached skill level 1 in Fire Magic
   623 | D:5      | Reached skill level 1 in Ice Magic
   623 | D:5      | Reached skill level 1 in Air Magic
   623 | D:5      | Reached skill level 1 in Earth Magic
   623 | D:5      | Reached skill level 1 in Poison Magic
   624 | D:5      | Gained mutation: Your body sometimes deteriorates upon taking damage. [potion of mutation]
   624 | D:5      | Gained mutation: You are partially covered in iridescent scales. (AC +2) [potion of mutation]
   668 | D:5      | Reached XP level 5. HP: 15/43 MP: 2/12
   755 | D:6      | Reached skill level 3 in Armour
   773 | D:6      | Reached XP level 6. HP: 38/50 MP: 4/13
   789 | D:7      | Reached skill level 2 in Invocations
   842 | D:7      | Reached skill level 5 in Fighting
   842 | D:7      | Reached skill level 2 in Short Blades
   842 | D:7      | Reached skill level 2 in Long Blades
   842 | D:7      | Reached skill level 5 in Axes
   842 | D:7      | Reached skill level 2 in Maces & Flails
   842 | D:7      | Reached skill level 2 in Polearms
   842 | D:7      | Reached skill level 2 in Staves
   842 | D:7      | Reached skill level 2 in Slings
   842 | D:7      | Reached skill level 2 in Bows
   842 | D:7      | Reached skill level 2 in Crossbows
   842 | D:7      | Reached skill level 2 in Throwing
   842 | D:7      | Reached skill level 5 in Dodging
   842 | D:7      | Reached skill level 2 in Stealth
   842 | D:7      | Reached skill level 2 in Shields
   842 | D:7      | Reached skill level 2 in Unarmed Combat
   842 | D:7      | Reached skill level 2 in Evocations
   863 | D:7      | Reached XP level 7. HP: 36/56 MP: 7/15
   887 | D:7      | Reached skill level 2 in Conjurations
   887 | D:7      | Reached skill level 2 in Hexes
   887 | D:7      | Reached skill level 2 in Summonings
   887 | D:7      | Reached skill level 2 in Necromancy
   887 | D:7      | Reached skill level 2 in Translocations
   887 | D:7      | Reached skill level 2 in Transmutations
   887 | D:7      | Reached skill level 2 in Fire Magic
   887 | D:7      | Reached skill level 2 in Ice Magic
   887 | D:7      | Reached skill level 2 in Air Magic
   887 | D:7      | Reached skill level 2 in Earth Magic
   887 | D:7      | Reached skill level 2 in Poison Magic
   936 | D:7      | Reached skill level 3 in Invocations
   961 | D:6      | Reached XP level 8. HP: 35/63 MP: 2/16
  1012 | D:6      | Reached skill level 6 in Charms
  1120 | D:7      | Reached skill level 3 in Short Blades
  1120 | D:7      | Reached skill level 3 in Long Blades
  1120 | D:7      | Reached skill level 3 in Maces & Flails
  1120 | D:7      | Reached skill level 3 in Polearms
  1120 | D:7      | Reached skill level 3 in Staves
  1120 | D:7      | Reached skill level 3 in Slings
  1120 | D:7      | Reached skill level 3 in Bows
  1120 | D:7      | Reached skill level 3 in Crossbows
  1120 | D:7      | Reached skill level 3 in Throwing
  1120 | D:7      | Reached skill level 4 in Armour
  1120 | D:7      | Reached skill level 3 in Stealth
  1120 | D:7      | Reached skill level 3 in Shields
  1120 | D:7      | Reached skill level 3 in Unarmed Combat
  1120 | D:7      | Reached skill level 3 in Evocations
  1376 | D:4      | Reached skill level 6 in Spellcasting
  1408 | D:4      | Found an iron altar of Okawaru.
  1490 | D:5      | Found a staircase to the Ecumenical Temple.
  1494 | Temple   | Entered the Ecumenical Temple
  1697 | D:6      | Found a basalt altar of Yredelemnul.
  1707 | D:6      | Found a shattered altar of Ashenzari.
  1835 | D:7      | Noticed plantmann's ghost (novice GrBe)
  2009 | D:5      | Quit the game

Skill      XL: |  1  2  3  4  5  6  7  8 |
---------------+-------------------------+-----
Spellcasting   | 5 6 |  6.0
Invocations    | 1 2 3 |  3.6
Short Blades   | 1 2 3 |  3.3
Long Blades    | 1 2 3 |  3.3
Maces & Flails | 1 2 3 |  3.3
Polearms       | 1 2 3 |  3.3
Staves         | 1 2 3 |  3.3
Slings         | 1 2 3 |  3.3
Bows           | 1 2 3 |  3.3
Crossbows      | 1 2 3 |  3.3
Throwing       | 1 2 3 |  3.3
Stealth        | 1 2 3 |  3.3
Shields        | 1 2 3 |  3.3
Unarmed Combat | 1 2 3 |  3.3
Evocations     | 1 2 3 |  3.3
Conjurations   | 1 2 |  2.7
Hexes          | 1 2 |  2.7
Summonings     | 1 2 |  2.7
Necromancy     | 1 2 |  2.7
Translocations | 1 2 |  2.7
Transmutations | 1 2 |  2.7
Fire Magic     | 1 2 |  2.7
Ice Magic      | 1 2 |  2.7
Air Magic      | 1 2 |  2.7
Earth Magic    | 1 2 |  2.7
Poison Magic   | 1 2 |  2.7
Armour         | 3 4 |  4.2
Fighting       | 5 |  5.7
Axes           | 5 |  5.7
Dodging        | 5 |  5.7
Charms         | 6 |  6.1

Action                   |  1- 3 |  4- 6 |  7- 9 || total
-------------------------+-------+-------+-------++-------
Melee: Hand axe          |    74 |    35 |   106 ||   215
       Bite              |    12 |     6 |    11 ||    29
       Punch             |       |     1 |       ||     1
 Cast: Infusion          |    10 |     3 |       ||    13
       Song of Slaying   |     1 |       |       ||     1
       Spectral Weapon   |       |     5 |    15 ||    20
       Regeneration      |       |     5 |     2 ||     7
       Shroud of Golubri |       |     3 |     6 ||     9
Evoke: Wand              |       |    13 |    27 ||    40
  Use: Scroll            |     7 |     1 |     6 ||    14
       Potion            |     3 |     2 |     1 ||     6
 Stab: Sleeping          |       |     1 |     1 ||     2
       Distracted        |       |       |     2 ||     2
  Eat: Ration            |       |     2 |     3 ||     5
Armor: Leather armour    |    14 |     5 |     4 ||    23
       Robe              |       |       |    19 ||    19
Dodge: Dodged            |    63 |    25 |    91 ||   179
Block: Buckler           |       |       |     8 ||     8

Table legend:
 A = Turns spent in this place as a percentage of turns spent in the entire game.
 B = Non-inter-level travel turns spent in this place as a percentage of non-inter-level travel turns spent in the entire game.
 C = Inter-level travel turns spent in this place as a percentage of turns spent in this place.
 D = Turns resting spent in this place as a percentage of non-inter-level travel turns spent in this place.
 E = Turns spent auto-exploring this place as a percentage of non-inter-level travel turns spent in this place.
 F = Non-inter-level travel turns spent in this place divided by the number of levels of this place that you've seen.
                   A       B       C       D       E      F
               +-------+-------+-------+-------+-------+----------------------
         Total | 100.0 | 100.0 |   0.3 |   0.0 |   0.0 | 250.4
       Dungeon |  95.3 |  95.3 |   0.3 |   0.0 |   0.0 | 272.7
        Temple |   4.7 |   4.7 |   0.0 |   0.0 |   0.0 |  94.0
               +-------+-------+-------+-------+-------+----------------------

Table legend:
 A = Kills in this place as a percentage of kills in entire the game.
 B = Kills by you in this place as a percentage of kills by you in the entire game.
 C = Kills by friends in this place as a percentage of kills by friends in the entire game.
 D = Other kills in this place as a percentage of other kills in the entire game.
 E = Experience gained in this place as a percentage of experience gained in the entire game.
 F = Experience gained in this place divided by the number of levels of this place that you have seen.
                   A       B       C       D       E      F
               +-------+-------+-------+-------+-------+----------------------
         Total | 100.0 | 100.0 |   N/A |   N/A | 100.0 | 230.1
       Dungeon | 100.0 | 100.0 |   N/A |   N/A | 100.0 | 263.0
               +-------+-------+-------+-------+-------+----------------------

Vault maps used:
D:1:      dpeg_arrival_short_road
D:3:      minmay_hedge_maze
D:4:      okawaru_trees_1
D:5:      minmay_temple_entry_grid, first_ration
D:6:      lemuel_round_altar, lemuel_doored_altar, nicolae_ru_path_of_blood
D:7:      grunt_livestock, minivault_14
Temple:   eino_temple_scatter_basement
